Map: [ESL] Inside and Out

Players

Clem - Winner!

  • Race: Terran Terran
  • Spawn Location: 1:00

SpeCial

  • Race: Terran Terran
  • Spawn Location: 7:00

Event: DreamHack SC2 Masters 2022 Valencia

VOD

Have the link to the VOD?

Description

Time

  • Played on: July 2, 2022, 7:49 a.m.
  • Length: 8:22

All games in this series

Show
View Real Time Build Order
Export as new Build Order

Clem Terran - Winner!

Build Orders:  

Get SALT Encoding   

  12  0:00  SCV  
  13  0:12  SCV  
  14  0:16  Supply Depot  
  14  0:24  SCV  
  15  0:38  SCV  
  15  0:40  Barracks  
  15  0:42  Refinery  
  16  0:50  SCV  
  16  0:52  Refinery  
  17  1:02  SCV  
  18  1:14  SCV  
  19  1:27  Orbital Command, Reaper  
  20  1:35  Supply Depot  
  20  1:43  Factory  
  20  1:52  SCV  
  21  1:59  Reaper  
  22  2:04  SCV  
  23  2:18  Command Center  
  23  2:21  SCV  
  24  2:28  Hellion  
  26  2:31  Reaper  
  26  2:33  SCV  
  28  2:39  Supply Depot  
  28  2:45  SCV  
  28  2:49  Widow Mine  
  31  2:52  Starport  
  31  3:01  SCV  
  31  3:05  Barracks Reactor  
  32  3:11  Factory Tech Lab  
  32  3:13  SCV  
  33  3:22  Refinery  
  33  3:25  SCV  
  34  3:28  Starport Tech Lab  
  34  3:29  Cyclone  
  34  3:30  Orbital Command  
  37  3:37  SCV  
  38  3:42  Marine x2  
  40  3:49  SCV  
  40  3:53  Supply Depot  
  41  3:55  SCV  
  41  3:59  Raven  
  41  4:01  SCV, Marine x2  
  47  4:08  SCV  
  48  4:13  SCV, Siege Tank  
  52  4:20  SCV  
  53  4:26  SCV  
  53  4:28  Supply Depot  
  54  4:32  SCV  
  54  4:34  Command Center  
  54  4:38  SCV  
  56  4:41  Raven, Refinery  
  56  4:44  SCV  
  59  4:50  SCV  
  59  4:51  Marine x2  
  62  4:53  Siege Tank  
  62  4:56  SCV  
  62  4:57  Supply Depot  
  66  5:03  SCV  
  66  5:05  Starport  
  67  5:08  SCV  
  68  5:15  SCV  
  68  5:16  Supply Depot  
  68  5:20  SCV  
  70  5:25  Supply Depot  
  70  5:27  SCV, Siege Tank  
  74  5:31  Viking x2  
  78  5:38  SCV  
  78  5:39  SCV  
  80  5:44  Viking  
  80  5:48  Supply Depot  
  80  5:50  SCV  
  80  5:51  SCV  
  80  5:54  Marine  
  83  5:59  Siege Tank  
  83  6:02  Viking, SCV  
  83  6:03  Viking, SCV  
  90  6:10  Supply Depot  
  90  6:14  SCV  
  90  6:15  Viking, Engineering Bay, SCV  
  94  6:25  SCV  
  95  6:26  Supply Depot  
  95  6:32  Viking  
  97  6:37  Viking  
  97  6:38  Orbital Command, Refinery x2  
  99  6:46  Viking  
  99  6:49  SCV x2  
  99  6:52  Supply Depot  
  99  6:53  Siege Tank  
  105  7:01  SCV, Sensor Tower  
  105  7:03  Viking  
  105  7:04  SCV  
  105  7:05  SCV  
  108  7:11  Viking  
  110  7:18  Supply Depot  
  110  7:21  Viking  
  111  7:26  SCV x3  
  113  7:31  Siege Tank  
  113  7:33  Viking  
  113  7:34  Marine  
  119  7:38  SCV  
  119  7:39  Refinery  
  119  7:43  Command Center  
  119  7:50  Supply Depot  
  119  7:55  Barracks  
  119  7:57  Barracks, SCV  
  120  8:00  SCV x2  
  120  8:03  Starport Reactor  
Show
View Real Time Build Order
Export as new Build Order

SpeCial Terran 

Build Orders:  

Get SALT Encoding   

  12  0:00  SCV  
  13  0:12  SCV  
  14  0:17  Supply Depot  
  14  0:24  SCV  
  15  0:39  Barracks, SCV  
  16  0:42  Refinery  
  16  0:51  SCV  
  16  0:53  Refinery  
  17  1:03  SCV  
  18  1:15  SCV  
  19  1:26  Reaper  
  19  1:27  Orbital Command  
  19  1:31  Supply Depot  
  20  1:40  Factory  
  20  1:53  SCV  
  21  1:58  Reaper  
  22  2:05  SCV  
  23  2:17  SCV  
  23  2:22  Command Center  
  24  2:28  Hellion  
  24  2:29  SCV  
  27  2:33  Reaper  
  28  2:42  SCV, Supply Depot  
  29  2:51  Starport  
  29  2:54  Hellion  
  31  3:03  SCV  
  31  3:05  Barracks Tech Lab  
  32  3:15  SCV  
  32  3:16  Factory Tech Lab  
  33  3:23  Refinery  
  33  3:32  SCV  
  33  3:33  Raven  
  36  3:35  Orbital Command  
  36  3:41  Cyclone  
  39  3:44  SCV  
  40  3:50  Barracks Reactor  
  40  3:56  SCV  
  40  4:01  SCV  
  42  4:05  Refinery  
  42  4:08  Supply Depot  
  42  4:10  SCV  
  42  4:13  SCV  
  42  4:16  Raven  
  46  4:22  SCV  
  47  4:25  SCV, Marine  
  47  4:26  Marine  
  47  4:31  Siege Tank  
  53  4:34  SCV  
  53  4:38  SCV  
  55  4:40  Supply Depot  
  55  4:43  Marine x2, Starport  
  57  4:49  SCV  
  57  4:50  SCV  
  59  4:53  Supply Depot  
  59  5:00  Raven, Supply Depot  
  59  5:01  Marine x2  
  59  5:03  SCV x2  
  65  5:10  Siege Tank  
  68  5:15  SCV x2  
  70  5:27  SCV x2, Marine  
  70  5:28  Viking x2  
  77  5:43  Viking, Siege Tank  
  77  5:44  Marine  
  77  5:45  Supply Depot  
  83  5:51  SCV x2  
  83  5:53  Supply Depot  
  83  6:04  Viking  
  83  6:06  Viking  
  87  6:11  SCV x2  
  87  6:13  Viking  
  87  6:16  Supply Depot  
  91  6:21  Siege Tank  
  91  6:25  SCV x2  
  96  6:38  Viking x2  
  96  6:39  Supply Depot  
  100  6:44  Viking  
  100  6:50  SCV x2  
  102  7:01  Siege Tank  
  105  7:07  Viking  
  107  7:08  Marine  
  107  7:19  Viking  
  109  7:24  SCV  
  109  7:26  Marine  
  111  7:33  Siege Tank  
  114  7:38  SCV, Command Center  
  114  7:39  SCV  
  114  7:40  Viking  
  114  7:42  Supply Depot  
  118  7:55  Supply Depot  
  118  8:02  Marine  
  118  8:03  SCV x2  

Tags
 
Add a new tag
Caveats
  • Supply blocks, unpowered buildings, or Contaminate may cause inaccurate times.
  • Supply counts are checked every 10 seconds.